 Dungeon Crawl Stone Soup version 0.27.1-3-gb3d3a73c9e (webtiles) character file.

Game seed: 11058826143663006133

2886 Descartes the Covert (level 9, -19/39 HPs)
             Began as a Spriggan Venom Mage on Oct 26, 2021.
             Was an Initiate of Gozag.
             Killed from afar by a fire dragon (46 damage)
             ... with a blast of flame
             ... on level 8 of the Dungeon.
             The game lasted 00:26:32 (10590 turns).

Descartes the Covert (Spriggan Venom Mage)         Turns: 10590, Time: 00:26:33

Health: -19/39     AC:  3    Str:  7    XL:     9   Next: 48%
Magic:  0/14       EV: 21    Int: 23    God:    Gozag
Gold:   420        SH:  0    Dex: 15    Spells: 5/14 levels left

rFire    . . .     SeeInvis +   F - +2 rapier (venom)
rCold    . . .     Faith    .   (shield restricted)
rNeg     + . .     Spirit   +   a - +0 robe
rPois    .         Reflect  .   (helmet restricted)
rElec    .         Harm     .   M - +0 cloak
rCorr    .         Rampage  .   (gloves unavailable)
Will     +....                  (boots unavailable)
Stlth    ++++......             K - amulet of guardian spirit
HPRegen  0.13/turn              l - +6 ring of intelligence
MPRegen  0.14/turn              y - ring of positive energy

@: very quick
A: very small, no large weapons, unfitting armour, see invisible, speed 3
a: Renounce Religion, Potion Petition, Call Merchant, Bribe Branch


You were on level 8 of the Dungeon.
You worshipped Gozag.
Gozag was aware of your devotion.
You visited 2 branches of the dungeon, and saw 9 of its levels.

You collected 561 gold pieces.
You paid 141 gold pieces to Gozag.

Inventory:

Hand Weapons
 n - a +1 short sword of holy wrath
 q - a +2 vampiric dagger
 w - a +2 short sword of draining
 x - a +0 hunting sling
 F - a +2 rapier of venom (weapon)
Missiles
 d - 102 stones
 e - 112 arrows
 i - 4 throwing nets
 k - 57 poisoned darts
 A - 51 sling bullets
 J - 7 boomerangs
Armour
 a - a +0 robe (worn)
 M - a +0 cloak (worn)
Jewellery
 l - a +6 ring of intelligence (left hand)
 m - a ring of ice
 y - a ring of positive energy (right hand)
 K - an amulet of guardian spirit (around neck)
Wands
 u - a wand of flame (40)
 D - a wand of iceblast (17)
 L - a wand of polymorph (6)
Scrolls
 b - 3 scrolls of summoning {unknown}
 o - 8 scrolls of identify
 p - 5 scrolls of teleportation {unknown}
 v - 3 scrolls of fog {unknown}
 B - a scroll of amnesia {unknown}
 C - 2 scrolls of magic mapping {unknown}
 H - a scroll of vulnerability {unknown}
 I - a scroll of blinking {unknown}
 N - 2 scrolls of enchant weapon {unknown}
Potions
 c - 3 potions of flight {unknown}
 f - a potion of heal wounds {unknown}
 g - 2 potions of mutation {unknown}
 h - a potion of degeneration {unknown}
 j - 4 potions of curing {unknown}
 s - a potion of brilliance {unknown}
 t - a potion of berserk rage {unknown}
 z - 2 potions of haste {unknown}
 E - a potion of cancellation {unknown}
 G - 2 potions of attraction {unknown}


   Skills:
 + Level 8.6 Dodging
 - Level 10.0 Stealth
 - Level 3.0 Spellcasting
 + Level 0.0 Conjurations
 - Level 5.0 Transmutations
 + Level 5.1 Fire Magic
 + Level 7.1 Poison Magic
 + Level 0.2 Evocations


You had 5 spell levels left.
You knew the following spells:

 Your Spells              Type           Power      Damage    Failure   Level
a - Foxfire               Conj/Fire      60%        2x1d7     4%          1
b - Sting                 Tmut/Pois      100%       1d8       1%          1
c - Olgreb's Toxic Radia  Pois           36%        N/A       6%          4
d - Ignite Poison         Fire/Tmut/Pois 29%        N/A       3%          3

Your spell library contained the following spells:

 Spells                   Type           Power      Damage    Failure   Level
 Beastly Appendage        Tmut           52%        N/A       1%          1
 Wereblood                Tmut           26%        N/A       2%          2
 Spider Form              Tmut/Pois      15%        N/A       3%          3
 Poisonous Vapours        Pois/Air       38%        N/A       4%          2
 Corona                   Hex            3%         N/A       12%         1
 Pain                     Necr           12%        1d4       12%         1
 Shock                    Conj/Air       12%        1d3       12%         1
 Conjure Flame            Conj/Fire      15%        6-21      12%         3
 Inner Flame              Hex/Fire       15%        N/A       12%         3
 Mephitic Cloud           Conj/Pois/Air  14%        N/A       13%         3
 Ensorcelled Hibernation  Hex/Ice        6%         N/A       17%         2
 Swiftness                Air            3%         N/A       34%         3
 Tukima's Dance           Hex            3%         N/A       34%         3
 Airstrike                Air            1%         N/A       75%         4
 Bolt of Magma            Conj/Fire/Erth 5%         4d5       85%         5
 Agony                    Necr           3%         N/A       97%         5
 Excruciating Wounds      Necr           1%         N/A       97%         5


Dungeon Overview and Level Annotations

Branches:
Dungeon (8/15)             Temple (1/1) D:7            Lair (0/6) D:8

Altars:
Ashenzari
Cheibriados
Dithmenos
Elyvilon
Gozag
Kikubaaqudgha
Makhleb
Okawaru
Qazlal
Sif Muna
Uskayaw
Vehumet
Wu Jian
Yredelemnul
Zin
The Shining One
Lugonu

Shops:
D:1 (

Annotations:
D:7 2 transporters


Innate Abilities, Weirdness & Mutations

You are very small and have problems with some larger weapons.
You are too small for most types of armour.
You have supernaturally acute eyesight. (SInv)
You cover ground extremely quickly. (Speed+++)


Message History

A fire dragon is nearby!
Casting: Foxfire (safe; 4% risk of failure)
Confirm with . or Enter, or press ? or * to list all spells.
The spell is quite dangerous to cast (6% risk of failure)!
Continue anyway?
You begin to radiate toxic energy.
Unknown command.
Aiming: Iceblast
Press: ? - help, Shift-Dir - straight line, f - fire dragon
Aim: a fire dragon (lava)
The mass of ice explodes!
The iceblast engulfs the fire dragon.
The fire dragon is lightly wounded.
Your toxic aura wanes.
You hear an angry hiss.
The fire dragon breathes flames at you. The blast of flame misses you.
Aiming: Iceblast
Press: ? - help, Shift-Dir - straight line, f/p - fire dragon
Aim: a fire dragon (lava, lightly wounded, catching its breath)
The mass of ice explodes!
The iceblast engulfs the fire dragon!
The fire dragon is frozen!
The fire dragon is lightly wounded.
Aiming: Polymorph
Press: ? - help, Shift-Dir - straight line, f/p - fire dragon
Aim: a fire dragon (lava, lightly wounded, catching its breath, will become a moth of wrath, an eye of devastation, or a spark wasp, chance to affect: 15%)
Okay, then.
Really read the scroll of torment?
As you read the scroll of torment, it crumbles to dust.
Your body is wracked with pain!
The fire dragon convulses!
Aiming: Iceblast
Press: ? - help, Shift-Dir - straight line, f/p - fire dragon
Aim: a fire dragon (heavily wounded, catching its breath)
The mass of ice explodes!
The iceblast engulfs the fire dragon!
The fire dragon is frozen!
The fire dragon is severely wounded.
There is a stone staircase leading down here.
The fire dragon breathes flames at you. The blast of flame hits you!!!
Ouch! That really hurt!
You die...
Your body crumbles into a pile of gold.

.#.###....#
>#.##.....##
...........########
...................
#..........########
##.#.............#
#.#.#......####.# .
#.#.####.# #.# ##
#.#.# #.# #@# ....#
#.# #># ... #.# #.#
#.. #D# ##. #..
.... ..§§≈ ..≈§≈≈≈
.§§§§§≈≈


You could see a fire dragon (catching breath).

Vanquished Creatures
  A troll (D:6)
  Edmund (D:6)
  An orc warrior (D:5)
  3 water moccasins
  2 black bears
  2 ice beasts
  A necrophage (D:4)
  An ogre (D:6)
  A phantom (D:5)
  A kobold brigand (D:8)
  5 scorpions
  A bullfrog (D:6)
  A water moccasin zombie (D:5)
  A bullfrog zombie (D:5)
  4 hounds
  A jelly (D:4)
  A centaur zombie (D:8)
  2 gnoll shamans
  2 orc priests
  A bullfrog skeleton (D:4)
  2 centaur skeletons
  Jessica (D:3)
  5 orc wizards
  Terence (D:2)
  2 iguanas (D:5)
  Natasha (thrice) (D:4 D:7)
  2 hound skeletons (D:4)
  A howler monkey zombie (D:7)
  18 gnolls
  3 adders
  A shadow imp (D:8)
  An adder skeleton (D:4)
  A worm (D:3)
  2 dart slugs
  18 orcs
  5 ball pythons
  4 bats
  9 endoplasms
  3 giant cockroaches
  5 goblins
  4 hobgoblins
  5 quokkas
  2 frilled lizards
  12 kobolds
  3 rats
146 creatures vanquished.

Vanquished Creatures (others)
  834 foxfires
  3 plants (D:3)
837 creatures vanquished.

Grand Total: 983 creatures vanquished

Notes
Turn   | Place    | Note
-------+----------+-------------------------------------------
     0 | D:1      | Descartes the Spriggan Venom Mage began the quest for the
                  | Orb.
     0 | D:1      | Reached XP level 1. HP: 9/9 MP: 5/5
   363 | D:1      | Reached XP level 2. HP: 12/13 MP: 2/6
   596 | D:1      | Found Temn's Weapon Shop.
   649 | D:1      | Learned a level 1 spell: Foxfire
  1218 | D:2      | Reached XP level 3. HP: 16/16 MP: 0/8
  1385 | D:2      | Noticed Terence
  1398 | D:2      | Killed Terence
  1499 | D:2      | Reached XP level 4. HP: 21/21 MP: 5/9
  1678 | D:2      | Reached skill level 4 in Stealth
  2081 | D:2      | Reached skill level 1 in Fire Magic
  2688 | D:3      | Found a glowing silver altar of Zin.
  3107 | D:3      | Noticed Jessica
  3111 | D:3      | Killed Jessica
  3112 | D:3      | Reached XP level 5. HP: 24/24 MP: 6/10
  3272 | D:3      | Found an ancient bone altar of Kikubaaqudgha.
  3691 | D:3      | Found a faded altar of an unknown god.
  3824 | D:4      | Noticed Natasha
  3834 | D:4      | Killed Natasha
  3980 | D:4      | Noticed Natasha
  3987 | D:4      | Killed Natasha
  3988 | D:4      | Reached skill level 5 in Stealth
  3988 | D:4      | Reached XP level 6. HP: 28/28 MP: 3/11
  4259 | D:4      | Found a broken altar of Ashenzari.
  4363 | D:4      | Noticed Natasha
  4472 | D:4      | You fall into a shaft and drop 2 floors!
  4480 | D:6      | Noticed an ice beast
  4493 | D:6      | Noticed Edmund
  4517 | D:6      | Killed an ice beast
  4518 | D:6      | Reached skill level 5 in Dodging
  4518 | D:6      | Reached XP level 7. HP: 5/32 MP: 1/12
  4532 | D:5      | Entered Level 5 of the Dungeon
  4570 | D:5      | Reached skill level 6 in Stealth
  4963 | D:5      | Found a radiant altar of Vehumet.
  5100 | D:4      | Reached skill level 5 in Transmutations
  5260 | D:4      | Reached skill level 5 in Poison Magic
  5646 | D:4      | Reached skill level 7 in Stealth
  6089 | D:5      | Reached XP level 8. HP: 36/36 MP: 8/13
  6130 | D:5      | Learned a level 4 spell: Olgreb's Toxic Radiance
  6594 | D:5      | Found a hide-covered altar of Uskayaw.
  7210 | D:6      | Killed Edmund
  7211 | D:6      | Reached skill level 8 in Stealth
  7719 | D:6      | Found a shimmering blue altar of Sif Muna.
  8355 | D:6      | Reached skill level 9 in Stealth
  8631 | D:7      | Reached XP level 9. HP: 24/39 MP: 6/14
  8832 | D:7      | Killed Natasha
  9149 | D:7      | Noticed a green ugly thing
  9150 | D:7      | Noticed a brown ugly thing
  9151 | D:7      | Found a transporter.
  9151 | D:7      | Found a corrupted altar of Lugonu.
  9151 | D:7      | Noticed a salamander
  9154 | D:7      | Noticed a jumping spider
  9154 | D:7      | a salamander changed into a jumping spider
  9374 | D:7      | Found a staircase to the Ecumenical Temple.
  9461 | Temple   | Entered the Ecumenical Temple
  9469 | Temple   | Became a worshipper of Gozag Ym Sagoz the Greedy
  9769 | D:7      | Noticed a troll
  9821 | D:6      | Killed a troll
  9822 | D:6      | Reached skill level 10 in Stealth
 10010 | D:7      | Found a transporter.
 10116 | D:7      | Reached skill level 5 in Fire Magic
 10302 | D:7      | Noticed a manticore
 10526 | D:8      | Learned a level 3 spell: Ignite Poison
 10583 | D:8      | Found a staircase to the Lair.
 10583 | D:8      | Noticed a fire dragon
 10590 | D:8      | Killed from afar by a fire dragon

Illustrated notes

Levels and vault maps discovered:
D:1:      amcnicky_arrival_single_pillar, layout_basic, serial_shops, shop,
          minmay_misc_feat_room
D:2:      layout_loops_ring, uniq_terence
D:3:      layout_rooms, nicolae_overflow_crystal_walls, lemuel_round_altar,
          chequers_ecumenical_altar_lobes, kennysheep_doodads,
          kennysheep_jessica_study
D:4:      layout_cave_pools, mainiacjoe_overflow_tiny_flanked, st_stairs_5,
          uniq_natasha
D:5:      layout_loops_ring, nicolae_uskayaw_suspiria,
          nicolae_vehumet_altar_sigil
D:6:      layout_rooms, lemuel_doored_altar, uniq_edmund
D:7:      gammafunk_corrupted_shrine, layout_rooms, minmay_temple_entry_arrows,
          grunt_decor_one_mirror
D:8:      layout_loops_ring, xom_shifter_show, minmay_lair_entry_lava
Temple:   eino_temple_lava

Skill      XL: |  1  2  3  4  5  6  7  8  9 |
---------------+----------------------------+-----
Dodging        | 3 4 5 6 7 8 |  8.6
Spellcasting   | 3 |  3.0
Transmutations | 2 3 4 5 |  5.0
Stealth        | 4 5 7 9 10 | 10.0
Fire Magic     | 1 2 3 4 5 |  5.1
Poison Magic   | 4 5 6 7 |  7.1
Evocations     | |  0.2

Action                   |  1- 3 |  4- 6 |  7- 9 || total
-------------------------+-------+-------+-------++-------
Melee: Club              |     2 |       |       ||     2
       Unarmed           |     1 |       |       ||     1
       Short sword       |     2 |     8 |     4 ||    14
       Rapier            |       |       |    18 ||    18
 Cast: Sting             |    32 |    13 |    28 ||    73
       Foxfire           |    19 |   172 |   303 ||   494
       Olgreb's Toxic Ra |       |       |     9 ||     9
Evoke: Wand              |       |       |     3 ||     3
  Use: Scroll            |       |     1 |     1 ||     2
 Stab: Sleeping          |       |       |     3 ||     3
Armor: Robe              |       |     2 |     3 ||     5
Dodge: Dodged            |    10 |    36 |    60 ||   106
